[Event "Austrian Bundesliga 2023-24"]
[Site "Austria"]
[Date "2024.03.20"]
[Round "7.13"]
[White "Pechac, Jergus"]
[Black "Janzelj, Tim"]
[Result "1-0"]
[ECO "B07"]
[WhiteElo "2571"]
[BlackElo "2403"]
[Annotator "TA"]
[PlyCount "95"]
[EventDate "2023.10.21"]
[EventType "team-tourn"]
[EventCountry "AUT"]
[SourceTitle "playchess.com"]
[Source "ChessBase"]
[SourceQuality "1"]
[TimeControl "40/5400+30:1800+30"]

1. e4 d6 2. d4 Nf6 3. Nc3 e5 4. dxe5 dxe5 5. Qxd8+ Kxd8 6. Bc4 Be6 7. Bxe6 fxe6 8. f3 Nbd7 9. Nh3 Bd6 10. Be3 Ke7 {[%emt 0:00:22] White is slightly better.} 11. Nf2 a6 12. Nd3 h6 13. a4 g5 14. Ke2 g4 15. Bf2 Rag8 16. Rag1 Rg6 17. Nd1 h5 (17... Nh5 $11) 18. Ne3 (18. b4 $16) 18... h4 $1 $14 19. Nc4 h3 $1 20. gxh3 (20. Nd2 {simplifies} hxg2 21. Rxg2 gxf3+ 22. Kxf3 Rxg2 23. Kxg2 Nh5 24. h4) 20... gxf3+ 21. Kxf3 Rxh3+ 22. Rg3 {[%emt 0:00:47] The board is on fire.} Rgxg3+ 23. Bxg3 b5 24. axb5 axb5 25. Na5 Kf7 (25... Nh5 $14) 26. Nc6 (26. Ra1 $16) 26... Kg6 $2 (26... Nh5 $14) 27. Ra1 $18 Nh7 {[%emt 0:03:56] [#]} 28. Ra5 (28. b4 $1 $18 {is more deadly.}) 28... Ng5+ $16 29. Kg2 {[%emt 0:01:11] White is more active.} Rh5 30. Ncxe5+ (30. Ndxe5+ Nxe5 31. Nxe5+ Bxe5 32. Bxe5 Nxe4 (32... c6 33. Ra6 $11) 33. Bxc7 (33. Rxb5 $2 c6 $19) 33... Rc5 $17) 30... Bxe5 31. Bxe5 (31. Nxe5+ Nxe5 32. Bxe5 Nxe4 (32... c6 33. Bf4 $11) 33. Bxc7 (33. Rxb5 $2 c6 $19) 33... Rc5 $11) 31... Kf7 32. Nf4 Rh4 (32... Rh6 $16 {was called for.} 33. Rxb5 (33. Bxc7 e5 $16) 33... c5) 33. Bxc7 $18 (33. Rxb5 Rg4+ 34. Kf2 (34. Kh1 $2 Nxe5 35. h3 Rxf4 $19) 34... Nxe5 (34... Nxe4+ $2 {too greedy.} 35. Kf3 $18) 35. Rxe5 Kf6 $11 (35... Rxf4+ 36. Kg3 $16)) 33... Rg4+ 34. Kf1 e5 35. Nd3 Rxe4 36. Rxb5 Ke6 (36... Rc4 $16) 37. Rb4 Re3 38. h4 Ne4 39. Bb6 Nxb6 40. Rxb6+ {[%emt 0:00:00][%mdl 4096] Endgame. KRN-KRN} Kf5 41. Rb8 (41. Rh6 $18) 41... Nf6 (41... Rf3+ $16 42. Kg2 Rg3+ 43. Kf1 Rf3+ 44. Kg2 Rg3+ 45. Kh2 Rg4) 42. Nf2 Nh5 43. Rf8+ Ke6 44. Rh8 Nf4 (44... Ng3+ $142 45. Kg2 Nf5) 45. h5 {[%emt 0:00:09][%cal Bh4h5,Bh5h6][%mdl 32] [#] Threatens to win with h6.} Kf5 46. h6 {[%emt 0:00:43] Hoping for Rg8. White is winning.} Kg6 47. Ng4 Rf3+ 48. Ke1 {[%emt 0:00:17] Weighted Error Value: White=0.14 (very precise) /Black=0.23 (precise) .  Mistake:       	White=4     	Black=7      Inaccurate:     	White=2     	Black=3      OK:         	White=12    	Black=12     Best:        	White=5     	Black=2      Strong:       	---       	Black=2} 1-0

[Event "Austrian Bundesliga 2023-24"]
[Site "Austria"]
[Date "2024.03.20"]
[Round "7.14"]
[White "Pajeken, Jakob Leon"]
[Black "Zilka, Stepan"]
[Result "1/2-1/2"]
[ECO "C77"]
[WhiteElo "2424"]
[BlackElo "2589"]
[Annotator "TA"]
[PlyCount "74"]
[EventDate "2023.10.21"]
[EventType "team-tourn"]
[EventCountry "AUT"]
[SourceTitle "playchess.com"]
[Source "ChessBase"]
[SourceQuality "1"]
[TimeControl "40/5400+30:1800+30"]

1. e4 e5 2. Nf3 Nc6 3. Bb5 a6 4. Ba4 Nf6 5. Nc3 b5 6. Bb3 Be7 7. d3 d6 8. a3 O-O 9. O-O Bg4 10. Be3 Nd4 11. Bxd4 exd4 12. Nd5 Nxd5 13. Bxd5 Rc8 14. h3 Bd7 15. Nxd4 c6 16. Ba2 Bf6 $1 17. c3 Bxd4 $1 18. cxd4 Qf6 19. e5 dxe5 20. dxe5 Qxe5 21. d4 Qd6 22. Rc1 h6 23. Re1 Rce8 24. Qd3 Be6 25. Bxe6 Rxe6 26. Rxe6 Qxe6 $11 {[%emt 0:01:28][%mdl 4096] Endgame. KQR-KQR} 27. Qc3 {[%emt 0:03:43] The position is equal.} Qf6 28. b4 Re8 29. Re1 (29. Qxc6 $2 {perishes.} Re1+ 30. Rxe1 Qxc6 $19) 29... Rxe1+ 30. Qxe1 Qxd4 {[%emt 0:00:40] KQ-KQ} 31. Qe8+ Kh7 {[%emt 0:00:03] And now ...Qa1+ would win.} 32. Qxf7 Qa1+ 33. Kh2 Qxa3 34. Qf5+ Kg8 35. Qc8+ Kh7 36. Qf5+ Kg8 37. Qc8+ Kh7 {[%emt 0:00:03] An even fight not without its subleties.   Weighted Error Value: White=0.04 (flawless) /Black=0.02 (flawless) .  Inaccurate:     	White=1     	---        OK:         	White=12    	Black=14     Best:        	White=1     	Black=1      Strong:       	---       	Black=2} 1/2-1/2

[Event "Austrian Bundesliga 2023-24"]
[Site "Austria"]
[Date "2024.03.20"]
[Round "7.15"]
[White "Hracek, Zbynek"]
[Black "Sebenik, Matej"]
[Result "1/2-1/2"]
[ECO "B30"]
[WhiteElo "2542"]
[BlackElo "2522"]
[Annotator "TA"]
[PlyCount "98"]
[EventDate "2023.10.21"]
[EventType "team-tourn"]
[EventCountry "AUT"]
[SourceTitle "playchess.com"]
[Source "ChessBase"]
[SourceQuality "1"]
[TimeControl "40/5400+30:1800+30"]

1. e4 c5 2. Nf3 Nc6 3. Bb5 Nf6 4. Bxc6 dxc6 5. d3 Bg4 6. Nbd2 {[%emt 0:00:40] B30: Sicilian: 2...Nc6 3 Bb5, lines without ...g6.} Nd7 7. Nc4 e6 8. h3 Bh5 9. g4 Bg6 10. h4 $146 ({Predecessor:} 10. Qe2 Qc7 11. a4 b5 12. Ne3 Be7 13. Ng2 c4 14. O-O O-O 15. dxc4 bxa4 16. Nfh4 {½-½ Samsonkin,A (2373)-Mikaelyan,A (2519) North American op 33rd 2023 (3)}) 10... b5 11. h5 Bxe4 12. dxe4 bxc4 {[%emt 0:00:03] [#]} 13. Bd2 $1 Be7 14. Qe2 Qb8 15. Bc3 (15. Qxc4 $6 Qxb2 16. O-O Qb5 $11) 15... Bf6 16. e5 ({Of course not} 16. Qxc4 Qf4 17. Nd2 (17. Bxf6 $2 Qxf3 18. Rh4 Qxf6 $19) 17... O-O $11) 16... Be7 17. Nd2 Nb6 18. Nxc4 Nxc4 19. Qxc4 Qb5 20. b3 Rd8 21. f4 Rd5 22. h6 g6 23. Rh3 O-O 24. g5 Rfd8 25. Re3 (25. Ke2 {is more complex.} Kf8 26. Re3 R8d7 27. a4) 25... Qb6 26. Re4 R8d7 27. Kf2 (27. Ke2 {keeps more tension.} Bd8 28. Rf1 Qb7 29. Re3) 27... Qd8 28. Rae1 Rd1 29. Rxd1 Rxd1 30. Re1 Rd5 31. Ke2 Qd7 32. Rf1 Bd8 33. Rf3 Kf8 34. Rd3 Rxd3 35. Qxd3 Qd5 36. Bd2 (36. Be1 $16) 36... Ke8 37. Be3 Be7 38. Bf2 Kd7 39. c4 Qxd3+ 40. Kxd3 Kc7 41. Kc3 Kb7 42. Kb2 Bf8 43. Ka3 Be7 44. Ka4 Ka6 45. Be3 Kb7 46. Bd2 Bd8 47. Be1 Ka6 48. Bf2 Be7 49. Be3 Kb7 1/2-1/2

[Event "Austrian Bundesliga 2023-24"]
[Site "Austria"]
[Date "2024.03.20"]
[Round "7.16"]
[White "Schreiner, Peter"]
[Black "Haba, Petr"]
[Result "1/2-1/2"]
[ECO "A06"]
[WhiteElo "2400"]
[BlackElo "2436"]
[Annotator "TA"]
[PlyCount "75"]
[EventDate "2023.10.21"]
[EventType "team-tourn"]
[EventCountry "AUT"]
[SourceTitle "playchess.com"]
[Source "ChessBase"]
[SourceQuality "1"]
[TimeControl "40/5400+30:1800+30"]

1. Nf3 d5 2. g3 Nf6 3. Bg2 c6 4. O-O Bf5 5. d3 h6 6. c4 dxc4 7. dxc4 ({White should play} 7. Ne5 $14) 7... Qxd1 8. Rxd1 Nbd7 {[%emt 0:00:09] The position is equal.} 9. b3 e5 (9... Bh7 $11) 10. Bb2 $14 e4 11. Nd4 Bg6 12. Bh3 O-O-O 13. Na3 Bc5 (13... h5 $11) 14. Nac2 $16 Rhe8 15. b4 Bf8 16. a3 Kc7 17. Ne3 Ne5 {[%emt 0:04:52] [#]} 18. Ne6+ $1 fxe6 19. Bxe5+ Kc8 20. Rxd8+ Kxd8 21. Rd1+ Kc8 22. c5 Nd7 23. Bd6 {[%emt 0:04:00] White is much more active.} b5 {[%emt 0:00:05] Prevents Nc4.} (23... Bxd6 $16 24. Rxd6 Bf7) 24. cxb6 axb6 25. Nc4 {[%emt 0:00:46] And now Bxf8 would win.} Bf5 {[%emt 0:01:59] Black is weak on the dark squares} 26. g4 Bh7 27. a4 g5 (27... Rd8 $16 {was called for.}) 28. b5 cxb5 29. axb5 Be7 30. Rc1 Kd8 31. Bg2 Rf8 {[%emt 0:01:30] [#]} (31... Bxd6 $16 {was necessary.} 32. Nxd6 Rf8 33. Bxe4 (33. Nxe4 Rf4 $14) 33... Bxe4) 32. h3 (32. Bg3 $1 $18) 32... Bxd6 33. Nxd6 Nc5 34. Ra1 Kc7 35. Nc4 Kb7 {[%emt 0:00:06] Dodges Ra7+} (35... Rd8 $14) 36. Nd6+ Kc7 37. Nc4 Kb7 {[%emt 0:00:06] Wards off Ra7+} 38. Nd6+ {[%emt 0:00:40] Weighted Error Value: White=0.17 (very precise) /Black=0.17 (very precise) .  Mistake:       	White=3     	Black=6      Inaccurate:     	White=1     	Black=3      OK:         	White=14    	Black=9      Best:        	White=1     	Black=6} (38. f3 $16) 1/2-1/2

[Event "Austrian Bundesliga 2023-24"]
[Site "Austria"]
[Date "2024.03.20"]
[Round "7.17"]
[White "Bures, Jaroslav"]
[Black "Diermair, Andreas"]
[Result "1-0"]
[ECO "C03"]
[WhiteElo "2407"]
[BlackElo "2434"]
[Annotator "RC"]
[PlyCount "65"]
[EventDate "2023.10.21"]
[EventType "team-tourn"]
[EventCountry "AUT"]
[SourceTitle "playchess.com"]
[Source "ChessBase"]
[SourceQuality "1"]
[TimeControl "40/5400+30:1800+30"]

1. e4 e6 2. d4 d5 3. Nd2 Be7 4. Ngf3 Nf6 5. e5 Nfd7 6. Bd3 c5 7. c3 b6 8. Qe2 a5 9. O-O Ba6 10. Bxa6 Nxa6 11. c4 Nc7 12. Rd1 O-O 13. Nb1 Qc8 14. cxd5 Nxd5 15. Nc3 Qc6 16. Bg5 Bxg5 17. Nxg5 h6 18. Nge4 cxd4 19. Rxd4 Nxe5 20. Nxd5 exd5 21. Nc3 Rfe8 22. Nxd5 Qc5 23. Qd2 Rac8 24. b3 Re6 25. h3 Rg6 26. Kh1 Re6 27. f4 Nc6 28. Rc4 Qd6 29. Rd1 Rd8 30. Qc3 Kf8 31. f5 Rf6 32. Ne3 Qg3 33. Rxc6 1-0

[Event "Austrian Bundesliga 2023-24"]
[Site "Austria"]
[Date "2024.03.20"]
[Round "7.18"]
[White "Dotzer, Lukas"]
[Black "Mikes, Jan"]
[Result "1-0"]
[ECO "B40"]
[WhiteElo "2338"]
[BlackElo "2358"]
[Annotator "RC"]
[PlyCount "147"]
[EventDate "2023.10.21"]
[EventType "team-tourn"]
[EventCountry "AUT"]
[SourceTitle "playchess.com"]
[Source "ChessBase"]
[SourceQuality "1"]
[TimeControl "40/5400+30:1800+30"]

1. e4 c5 2. Nf3 e6 3. d4 cxd4 4. Nxd4 Nf6 5. Nc3 Bb4 6. e5 Nd5 7. Qg4 Kf8 8. Bd2 h5 9. Qe4 Bxc3 10. bxc3 Nc6 11. Nxc6 bxc6 12. c4 f5 13. Qd4 Ne7 14. Be2 c5 15. Qxc5 Bb7 16. O-O h4 17. h3 Kf7 18. Bg5 Be4 19. Rfd1 Rc8 20. Qxa7 Rc7 21. Qb6 Qc8 22. Bxe7 Kxe7 23. Rd2 g5 24. Rad1 Bc6 25. Qe3 Rg8 26. Bf3 Bxf3 27. Qxf3 g4 28. Qe3 gxh3 29. Qxh3 Rg4 30. Qe3 Qa8 31. f3 Rg6 32. Qb6 Rb7 33. Qd4 Rh6 34. c5 Qa7 35. c6 dxc6 36. Kh2 Qxd4 37. Rxd4 Rh8 38. Rc4 Rb5 39. f4 c5 40. a4 Ra5 41. Kh3 Rg8 42. Rd3 Rg4 43. Rb3 Kd7 44. Rb5 Rxb5 45. axb5 Kc7 46. Rxc5+ Kb6 47. Rc6+ Kxb5 48. Rxe6 Rxf4 49. Rd6 Kc5 50. Rd2 Re4 51. Rf2 Rxe5 52. Kxh4 Kd4 53. Kg5 Re8 54. Kf4 Rf8 55. Re2 Rf7 56. Re3 Rf8 57. g3 Rf7 58. Re5 Rc7 59. Rxf5 Rxc2 60. g4 Rf2+ 61. Kg5 Rg2 62. Kh5 Ke4 63. Rf8 Ke5 64. g5 Ke6 65. Kh6 Ke7 66. Rf1 Rh2+ 67. Kg7 Rg2 68. Re1+ Kd6 69. g6 Rg3 70. Kf7 Rf3+ 71. Kg8 Rg3 72. g7 Rf3 73. Rg1 Ke7 74. Kh7 1-0

[Event "Austrian Bundesliga 2023-24"]
[Site "Austria"]
[Date "2024.03.20"]
[Round "7.19"]
[White "Kadric, Denis"]
[Black "Mamedyarov, Shakhriyar"]
[Result "0-1"]
[ECO "B13"]
[WhiteElo "2560"]
[BlackElo "2734"]
[Annotator "TA"]
[PlyCount "80"]
[EventDate "2023.10.21"]
[EventType "team-tourn"]
[EventCountry "AUT"]
[SourceTitle "playchess.com"]
[Source "ChessBase"]
[SourceQuality "1"]
[TimeControl "40/5400+30:1800+30"]

1. e4 c6 2. d4 d5 3. exd5 cxd5 4. Bd3 Nc6 5. c3 Qc7 6. h3 e6 7. Nf3 Bd6 8. O-O Nf6 9. Re1 b6 10. b3 Bb7 11. Ba3 Bxa3 {[%emt 0:04:08] The position is equal.} 12. Nxa3 O-O 13. Rc1 Rac8 14. Nb1 Qd6 15. Qd2 Rc7 16. Qg5 Rfc8 17. Rcd1 Ne7 18. Qh4 h6 (18... Nf5 $15 {was preferrable.} 19. Bxf5 exf5) 19. Ne5 $11 Ne4 20. Qh5 Nf5 21. Bxe4 dxe4 22. Ng4 (22. a4 $11) 22... b5 $17 23. Ne3 Nxe3 24. fxe3 Bd5 25. Rf1 f5 26. Qe2 {[%emt 0:02:21] White is weak on the light squares} a6 27. Rc1 g5 28. Rc2 Kh7 29. Rfc1 f4 ({Better is} 29... e5 $1 $15) 30. Nd2 $11 f3 31. gxf3 (31. Qf2 $11) 31... exf3 $17 32. Qd3+ Kh8 {[%emt 0:07:09] Dancing on a razor blade.} 33. Nf1 {[%emt 0:00:01] Repels Qg3+} e5 {[%emt 0:00:12] Black is much more active.} (33... g4 $142 34. e4 Bb7) 34. e4 {[%emt 0:01:31] [#]} Be6 $36 {[%emt 0:00:48][%mdl 2048] Black is really pushing.} 35. d5 Rf8 {[%emt 0:01:35] Threatens to win with ...Rcf7.} (35... Bxh3 $6 36. Qxf3 g4 37. Qe3 $11) 36. Rf2 {[%emt 0:01:03] Now White is beyond hope.} (36. Rh2 $17) 36... Rcf7 $19 (36... Bxh3 37. Rxf3 g4 38. Rxf8+ Qxf8 39. Qg3 $11) 37. c4 Bxh3 (37... bxc4 38. Rxc4 Bd7 (38... Bxh3 39. Rc6 $11) 39. Ng3 $17) 38. cxb5 Qd7 39. Ne3 {[%emt 0:00:03] [#] Prevents Qg4+.} (39. bxa6 Qg4+ 40. Kh2 Bg2 (40... Qf4+ $2 41. Ng3 $19) 41. Kg1 Qh3 42. Nh2 g4 43. Qc2 g3 44. Rxg2 f2+ (44... fxg2 $2 45. Qxg2 gxh2+ 46. Kh1 $19) 45. Kf1 gxh2 46. Ke2 f1=Q+ (46... Qxg2 47. Kd3 Rf3+ 48. Kc4 f1=Q+ 49. Kb4 Qxa6 50. Qc7 Qd2+ 51. Rc3 Qxc3+ 52. Qxc3 Rb8+ 53. Kc5 Rxc3#) 47. Rxf1 Rxf1 (47... Qxg2+ 48. Kd3 Qxf1+ 49. Kd2 Qf2+ 50. Kc1 Qd4 51. Qg2 Rc8+ 52. Kb1 Qd1+ 53. Kb2 Qc1#) (47... Qxg2+ 48. Kd3 Qxf1+ 49. Kc3 Rc7+ 50. Kb2 Rxc2+ 51. Kxc2)) 39... Rf4 $1 (39... Qxb5 40. Qc3 $17 (40. Qxb5 axb5 41. Kh2 Bd7 $19)) (39... axb5 40. Rc6 $17) 40. Kh2 $2 ({Much worse is} 40. bxa6 Rg4+ 41. Kh2 (41. Nxg4 Qxg4+ 42. Kh2 Bg2 43. Kg1 Qh3) 41... Rh4 $19) (40. b6 Rg4+ 41. Kh1 (41. Nxg4 Qxg4+ 42. Kh1 Bg2+ 43. Kg1 Qh3)) 40... Rh4 {[%emt 0:00:00] Weighted Error Value: White=0.37/Black=0.09 (flawless) .  Mistake:       	White=4     	Black=3      Inaccurate:     	White=3     	Black=2      OK:         	White=11    	Black=12     Best:        	White=4     	Black=2      Strong:       	---       	Black=1} (40... Qxb5 41. Qxb5 Rh4 42. Rxf3 (42. Qxa6 $2 {is a self mate.} Bg2+ 43. Kg3 Rh3+ 44. Kg4 Rf4#) 42... Bg4+ 43. Kg1 $11) 0-1

[Event "Austrian Bundesliga 2023-24"]
[Site "Austria"]
[Date "2024.03.20"]
[Round "7.20"]
[White "Vachier-Lagrave, Maxime"]
[Black "Erdos, Viktor"]
[Result "1-0"]
[ECO "C82"]
[WhiteElo "2728"]
[BlackElo "2552"]
[Annotator "TA"]
[PlyCount "113"]
[EventDate "2023.10.21"]
[EventType "team-tourn"]
[EventCountry "AUT"]
[SourceTitle "playchess.com"]
[Source "ChessBase"]
[SourceQuality "1"]
[TimeControl "40/5400+30:1800+30"]

1. e4 e5 2. Nf3 Nc6 3. Bb5 a6 4. Ba4 Nf6 5. O-O Nxe4 6. d4 b5 7. Bb3 d5 8. dxe5 Be6 9. c3 Bc5 10. Nbd2 O-O 11. Bc2 Bf5 12. Nb3 Bg6 13. Nfd4 Bxd4 14. Nxd4 Nxd4 (14... Nxe5 $2 {perishes.} 15. f4 $16) 15. cxd4 c5 16. Bxe4 Bxe4 {[%emt 0:06:53] White is slightly better.} 17. dxc5 d4 18. Qb3 Qc7 19. Re1 Bg6 (19... Qc6 $11) 20. Bd2 $16 Rfe8 (20... Qxc5 21. Bb4 Qc2 22. Bxf8 Qxb3 23. axb3 $11) 21. e6 ({White should try} 21. Rac1 $14) 21... Qxc5 $11 22. Rac1 (22. Bb4 {simplifies} Qc4 23. Rad1 Qxb3 24. axb3 a5 25. exf7+ Kxf7 26. Rxe8 Kxe8 27. Be1) 22... Qf5 23. e7 Qd7 {[%emt 0:00:19] Repels Rc7} 24. Qf3 f6 25. h4 h5 26. Qg3 Kh7 {[%emt 0:01:29] Black is weak on the dark squares} 27. Rc7 {[%emt 0:00:40] Against Ra7} Qd5 28. Qf4 d3 29. a3 Rac8 30. Rec1 Rxc7 31. Rxc7 Qe6 32. Qe3 Qg4 33. Ra7 Qd1+ 34. Kh2 Qe2 35. Kg1 (35. Rxa6 Rxe7 36. Qxe2 Rxe2 $17) 35... Qd1+ 36. Kh2 Qe2 37. Bb4 ({Much weaker is} 37. Rxa6 Rxe7 38. Qxe2 Rxe2 $17) 37... Qxb2 38. Rxa6 Qe2 (38... Qc2 $1 $11) 39. Qxe2 $16 dxe2 {[%emt 0:00:02][%mdl 4096] Endgame. KRB-KRB} 40. Re6 Bd3 41. Kg3 Kg6 42. Re3 Bc4 43. f3 $1 Kf7 44. Kf2 Rc8 45. Re4 $1 Ke8 46. Rd4 Be6 47. Kxe2 Bd7 {[%emt 0:00:07] [#]} (47... Bc4+ $16 48. Kd2 Be6) 48. Rd5 $1 $18 g6 49. Ke3 Rc4 50. g3 Rc1 51. Rd6 (51. g4 $18 hxg4 52. fxg4) 51... Rc6 $16 52. Rd4 {[%emt 0:00:07] White is more active.} Rc2 {[%emt 0:01:19] [#]} (52... Re6+ $16 {is a better defense.} 53. Kd2 Re5) 53. g4 $1 $18 hxg4 (53... Rc7 $142 54. gxh5 gxh5) 54. fxg4 Rh2 $2 (54... Rc1 55. h5 gxh5) 55. Rd6 {[%emt 0:00:38] White is clearly winning.} Rh3+ 56. Kf2 Rh2+ 57. Kg3 {[%emt 0:00:08] Weighted Error Value: White=0.06 (flawless) /Black=0.14 (very precise) .  Mistake:       	White=2     	Black=6      OK:         	White=20    	Black=16     Best:        	White=3     	Black=4      Strong:       	White=3     	---} 1-0

[Event "Austrian Bundesliga 2023-24"]
[Site "Austria"]
[Date "2024.03.20"]
[Round "7.21"]
[White "Ivanisevic, Ivan"]
[Black "Vitiugov, Nikita"]
[Result "1-0"]
[ECO "E32"]
[WhiteElo "2523"]
[BlackElo "2688"]
[Annotator "TA"]
[PlyCount "63"]
[EventDate "2023.10.21"]
[EventType "team-tourn"]
[EventCountry "AUT"]
[SourceTitle "playchess.com"]
[Source "ChessBase"]
[SourceQuality "1"]
[TimeControl "40/5400+30:1800+30"]

1. d4 Nf6 2. c4 e6 3. Nc3 Bb4 4. Qc2 O-O 5. Bg5 c5 6. e3 h6 7. Bh4 cxd4 8. exd4 Nc6 9. Nf3 b6 10. Rd1 Bb7 11. Be2 Rc8 {[%emt 0:01:44] The position is equal.} 12. O-O Na5 13. d5 Nxc4 (13... Bxc3 $1 $11 14. Qxc3 exd5) 14. Qb3 $1 $14 (14. dxe6 fxe6 15. Qb3 Bxc3 16. Bxc4 Qc7 $15) 14... Nxb2 15. Qxb4 $16 Nxd1 16. Rxd1 exd5 17. Nd4 {[%emt 0:03:25] White has more active pieces.} ({White should try} 17. Bf1 $16) 17... Re8 18. h3 {[%emt 0:03:30][%mdl 1024] White has strong compensation.} Qc7 19. Ncb5 {[%emt 0:10:17][%csl LRa7,LRc7] Excellent horsemanship.} Qc5 20. Qb2 {[%emt 0:01:07][%cal Oh4f6] [#] aiming for Bxf6!} Ne4 21. Bg4 (21. Nxa7 $16 Nc3 22. Nxc8 Nxd1 23. Bxd1 Bxc8 24. Bc2) 21... Nc3 (21... g5 $11 {keeps the balance.}) 22. Nxc3 Qxc3 23. Qxc3 Rxc3 24. Nb5 Rc2 25. Nd6 $36 {[%emt 0:01:23][%mdl 2048] White is really pushing.} Rb8 26. Bg3 Ba6 27. Rxd5 {[%emt 0:01:36][%cal Od6f7] Strongly threatening Nxf7!} ({Of course not} 27. Bxd7 Rd8 28. Ba4 (28. Be8 Kf8 $11) 28... Rxa2 $11) 27... Rd8 28. Re5 Kf8 (28... Rc1+ $14 29. Kh2 Bc4) 29. a4 Rd2 (29... Bc4 $14) 30. Re1 Rd4 (30... Bd3 $16) 31. Nf5 $18 Rxa4 {[%emt 0:01:09] [#]} 32. Bc7 $1 {[%emt 0:00:35] Weighted Error Value: White=0.12 (very precise) /Black=0.32.  Mistake:       	White=2     	Black=6      Inaccurate:     	White=2     	Black=3      OK:         	White=6     	Black=8      Best:        	White=4     	Black=1      Strong:       	White=2     	---} 1-0

[Event "Austrian Bundesliga 2023-24"]
[Site "Austria"]
[Date "2024.03.20"]
[Round "7.22"]
[White "Maghsoodloo, Parham"]
[Black "Perunovic, Milos"]
[Result "1-0"]
[ECO "D02"]
[WhiteElo "2717"]
[BlackElo "2535"]
[Annotator "TA"]
[PlyCount "39"]
[EventDate "2023.10.21"]
[EventType "team-tourn"]
[EventCountry "AUT"]
[SourceTitle "playchess.com"]
[Source "ChessBase"]
[SourceQuality "1"]
[TimeControl "40/5400+30:1800+30"]

1. d4 d5 2. Nf3 Nf6 3. g3 c5 4. Bg2 cxd4 5. O-O e6 6. Nxd4 e5 7. Nb3 Be6 8. Bg5 Nbd7 9. f4 {[%emt 0:05:05] And now f5 would win.} exf4 10. gxf4 {[%emt 0:02:14][%cal Bg3f4,Bf4f5,Bf5f6][%mdl 32] Strongly threatening f5. The position is equal.} g6 11. Nc3 Be7 (11... Qb6+ $1 $11 12. Kh1 Bg7) 12. Nd4 $14 Rc8 13. Kh1 $36 {[%emt 0:07:04][%mdl 2048] White fights for an advantage. White is more active.} Nc5 ({Black should play} 13... h6 $14 14. Bxf6 Nxf6) 14. f5 $18 Bd7 15. Bxf6 (15. Bxd5 $2 {perishes.} Nxd5 16. Nxd5 Bxg5 $19) 15... Bxf6 16. Nxd5 {[%emt 0:00:07] A dynamic duo of knights.} ({Not} 16. Bxd5 O-O $11) 16... Be5 {[%emt 0:01:08] [#]} 17. Qd2 $1 {[%emt 0:02:57] Black must now prevent Qe3.} O-O $2 (17... Bc6) 18. f6 {[%emt 0:01:22][%cal Od2h6] Qh6! is the strong threat. White is clearly winning.} Kh8 {[%emt 0:00:22] [#]} (18... Bh3 $142) 19. Qh6 $1 Rg8 {[%emt 0:00:06] [#] Inhibits Qg7+.} 20. Nf3 $1 {[%emt 0:00:09] Black did not feel at home in the position after the opening.   Weighted Error Value: White=0.01 (flawless) /Black=0.59.  Mistake:       	---       	Black=4      Inaccurate:     	---       	Black=1      OK:         	White=3     	Black=3      Best:        	White=5     	---        Strong:       	White=1     	---} 1-0

[Event "Austrian Bundesliga 2023-24"]
[Site "Austria"]
[Date "2024.03.20"]
[Round "7.23"]
[White "Ftacnik, Lubomir"]
[Black "Vallejo Pons, Francisco"]
[Result "0-1"]
[ECO "D37"]
[WhiteElo "2453"]
[BlackElo "2653"]
[Annotator "TA"]
[PlyCount "126"]
[EventDate "2023.10.21"]
[EventType "team-tourn"]
[EventCountry "AUT"]
[SourceTitle "playchess.com"]
[Source "ChessBase"]
[SourceQuality "1"]
[TimeControl "40/5400+30:1800+30"]

1. d4 Nf6 2. Nf3 d5 3. c4 e6 4. Nc3 dxc4 5. e3 a6 6. a4 b6 {[%emt 0:00:16] D24: Queen's Gambit Accepted: 3 Nf3 Nf6 4 Nc3.} 7. Bxc4 Bb7 8. O-O Bb4 9. Qe2 O-O 10. Rd1 Qe7 11. Bd3 Nbd7 12. e4 e5 13. Bg5 exd4 14. Nd5 Bxd5 15. exd5 h6 $146 ({Predecessor:} 15... Qxe2 16. Bxe2 h6 17. Bxf6 Nxf6 18. Nxd4 g6 19. Bf3 Bd6 20. Nc6 Rfe8 21. Re1 g5 {0-1 Cyfka,K (2409)-Shuvalova,P (2509) FIDE Grand Swiss (Women) 2021 (1)}) 16. Bh4 Qxe2 17. Bxe2 Rfe8 18. Nxd4 Bc5 19. Bxf6 Nxf6 20. Bf3 Ne4 21. Kf1 Ng5 22. Be2 Re4 23. Nc6 Rh4 24. b4 Rxh2 25. Kg1 Bd6 26. Ne7+ Bxe7 27. Kxh2 Bxb4 28. Bd3 g6 29. Rac1 Nh7 30. g3 (30. Rxc7 Bd6+ 31. g3 Bxc7 $19) 30... Bd6 31. Kg2 Nf6 32. Bc4 Ne4 33. Re1 Nc5 34. Ra1 Kg7 35. Ra2 Rb8 36. Rb1 Re8 37. Kf3 (37. Re2 $142 Ra8 38. Bb3) 37... h5 38. Raa1 Kf6 39. Re1 Rb8 40. Reb1 Rh8 41. Re1 Kg7 42. Ra2 f5 43. Rc1 g5 44. Bf1 (44. Kg2 $17 {keeps fighting.}) 44... Kf6 45. Rxc5 (45. Bc4 $17 {was forced.}) 45... Bxc5 (45... bxc5 46. Bxa6 g4+ 47. Kg2 $17) 46. Bxa6 h4 47. Kg2 g4 48. gxh4 (48. Bb5 {might work better.}) 48... Rxh4 $19 49. Re2 Rh3 50. Bc8 Rd3 51. Re6+ (51. a5 $142 bxa5 52. Rc2) 51... Kg5 $19 52. Re5 Rf3 53. Re2 Bd4 54. Rd2 Be5 55. Re2 Kf6 56. Ra2 Rd3 57. a5 bxa5 (57... Rxd5 $2 {is the wrong capture.} 58. a6 Rd8 59. Bb7 $18) 58. Rxa5 Rd2 59. Kf1 (59. d6 $142 cxd6 60. Kf1) 59... Bd4 $19 60. d6 Rxf2+ ({Worse is} 60... cxd6 61. Rxf5+ Ke7 62. Rf4 $11) 61. Ke1 cxd6 (61... g3 $142 62. Ra3 g2 (62... cxd6 63. Rxg3 Rh2 64. Rg8 $19)) 62. Rd5 $19 Rf4 63. Bxf5 Bc3+ 0-1